 Dungeon Crawl Stone Soup version 0.27-a0-1321-gd358eaa319 (webtiles) character file.

Game seed: 5037432688458809890

131 Ijustatesigmund the Chopper (level 5, -2/47 HPs)
             Began as a Hill Orc Fighter on June 22, 2021.
             Killed from afar by Sigmund (7 damage)
             ... with a puff of flame
             ... on level 2 of the Dungeon.
             The game lasted 00:03:37 (1605 turns).

Ijustatesigmund the Chopper (Hill Orc Fighter)      Turns: 1605, Time: 00:03:37

Health: -2/47      AC:  9    Str: 19    XL:     5   Next: 14%
Magic:  0/5        EV: 11    Int:  8    God:
Gold:   53         SH:  9    Dex: 11    Spells: 4/4 levels left

rFire    . . .     SeeInvis .   a - +0 war axe
rCold    . . .     Faith    .   c - +0 kite shield
rNeg     . . .     Spirit   .   b - +0 scale mail
rPois    .         Reflect  .   (no helmet)
rElec    .         Harm     .   o - +0 cloak
rCorr    .         Rampage  .   g - +0 pair of gloves
Will     .....                  (no boots)
Stlth    ..........             (no amulet)
HPRegen  0.15/turn              h - +4 ring of evasion
MPRegen  0.09/turn              p - +4 ring of slaying

@: flying, hasted, very quick
A: no striking features
a: no special abilities


You were on level 2 of the Dungeon.
You visited 1 branch of the dungeon, and saw 2 of its levels.

You collected 53 gold pieces.

Inventory:

Hand Weapons
 a - a +0 war axe (weapon)
Armour
 b - a +0 scale mail (worn)
 c - a +0 kite shield (worn)
 g - a +0 pair of gloves (worn)
 o - a +0 cloak (worn)
Jewellery
 h - a +4 ring of evasion (left hand)
 p - a +4 ring of slaying (right hand)
Wands
 l - a wand of polymorph (2)
Scrolls
 i - a scroll of blinking {unknown}
 j - a scroll of brand weapon {unknown}
 k - a scroll of noise {unknown}
 m - 2 scrolls of teleportation {unknown}
Potions
 d - 2 potions of might
 e - a potion of haste
 f - a potion of attraction


   Skills:
 + Level 4.7 Fighting
 + Level 6.0 Axes
 - Level 3.2 Armour
 - Level 3.2 Shields


You had 4 spell levels left.
You didn't know any spells.
Your spell library was empty.

Dungeon Overview and Level Annotations

Branches:
Dungeon (2/15)

Altars:

Annotations:
D:2 Sigmund


Message History

You see here a +0 trident.
e - 2 metallic orange potions (gained 1)
Found a stone staircase leading down.
Found a stone staircase leading down.
Found a hand axe.
There is a stone staircase leading down here.
You see here a +0 hand axe.
You see here a +0 hand axe.
Found 20 stones.
You see here 20 stones.
Sigmund the Dreaded comes into view.
He is wielding a +4 antimagic scythe.
Sigmund shouts!
Sigmund casts a spell at you. The puff of flame hits you.
You closely miss Sigmund.
Sigmund gestures wildly while chanting.
Sigmund flickers and vanishes!
Deactivating autopickup; reactivate with Ctrl-A.
Something hits you but does no damage.
You slash something! Something hits you.
You feel your power leaking away.
You closely miss something. Something hits you but does no damage.
Something hits you.
You feel your power leaking away.
You hit something. Something hits you!
You feel your power leaking away.
You miss something. Something hits you! x2
* * * LOW HITPOINT WARNING * * *
It was a potion of haste.
You feel yourself speed up. Something completely misses you.
It was a potion of flight.
You feel very buoyant.
You fly up into the air.
Something hits you.
* * * LOW HITPOINT WARNING * * *
Okay, then.
You see here 20 stones.
A puff of flame appears from out of thin air!
The puff of flame hits you!
You die...

.###....# #.#
##.#.## #.##...>#
#.# ##.## .#.#..#.#
###.### #.#
#.#...#.# #..!..#
#.# #....#.# #.....#
#.# ...#.##.#
#.....# #.#
#.......# #.....#
#.# ####.####
#.....### #.#
......#...(@.#####.#
..... #{####.......#
#### #.# #..######
... #..# .#.#. #..#
..#.#.##..# .. #..
....# ... ### #####
###


There were no monsters in sight!

Vanquished Creatures
  Crazy Yiuf (D:2)
  Terence (D:2)
  3 adders (D:2)
  3 bats
  3 endoplasms (D:2)
  4 goblins
  10 hobgoblins
  3 jackals (D:1)
  4 quokkas (D:1)
  5 ball pythons
  2 frilled lizards (D:2)
  4 kobolds
43 creatures vanquished.

Notes
Turn   | Place    | Note
-------+----------+-------------------------------------------
     0 | D:1      | Ijustatesigmund the Hill Orc Fighter began the quest for
                  | the Orb.
     0 | D:1      | Reached XP level 1. HP: 19/19 MP: 1/1
    10 | D:1      | Reached skill level 3 in Axes
   226 | D:1      | Reached XP level 2. HP: 24/26 MP: 2/2
   227 | D:1      | Found a faded altar of an unknown god.
   264 | D:1      | Reached skill level 4 in Axes
   589 | D:1      | Reached XP level 3. HP: 31/31 MP: 3/3
   833 | D:2      | Reached skill level 5 in Axes
   849 | D:2      | Noticed Terence
   857 | D:2      | Killed Terence
   858 | D:2      | Reached XP level 4. HP: 40/40 MP: 4/4
   944 | D:2      | Found a runed translucent door.
   945 | D:2      | Noticed Crazy Yiuf
   957 | D:2      | Killed Crazy Yiuf
  1258 | D:2      | Reached XP level 5. HP: 32/47 MP: 5/5
  1270 | D:2      | Reached skill level 6 in Axes
  1591 | D:2      | Noticed Sigmund
  1605 | D:2      | Killed from afar by Sigmund

Illustrated notes

Levels and vault maps discovered:
D:1:      eino_arrival_cavern_d, layout_loops_ring,
          ebering_ecumenical_altar_rust
D:2:      kennysheep_six_static_rooms, layout_loops_cross,
          chequers_serial_rivers_micro_d, minmay_circle_x,
          uniq_crazy_yiuf_cottage, uniq_sigmund, uniq_terence

Skill      XL: |  1  2  3  4  5 |
---------------+----------------+-----
Axes           | 3 4 5 6 |  6.0
Fighting       | 4 |  4.7
Armour         | |  3.2
Shields        | |  3.2

Action                   |  1- 3 |  4- 6 || total
-------------------------+-------+-------++-------
Melee: War axe           |    57 |    50 ||   107
       Unarmed           |     5 |       ||     5
  Use: Potion            |     1 |     3 ||     4
Armor: Scale mail        |    41 |    13 ||    54
Dodge: Dodged            |    31 |    22 ||    53
Block: Kite shield       |    23 |    25 ||    48

Table legend: (Time is in decaauts)
 A = Elapsed time spent in this place.
 B = Non-inter-level travel time spent in this place.
 C = Inter-level travel time spent in this place.
 D = Time resting spent in this place.
 E = Time spent auto-exploring this place.
 F = Levels seen in this place.
 G = Mean time per level.
                   A        B        C        D        E       F      G
               +--------+--------+--------+--------+--------+-----+--------+
         Total |   1654 |   1645 |      9 |    334 |   1026 |   2 |  827.0 |
       Dungeon |   1654 |   1645 |      9 |    334 |   1026 |   2 |  827.0 |
               +--------+--------+--------+--------+--------+-----+--------+

Top non-repeatable levels by time:
     D:1: 836 daAuts
     D:2: 818 daAuts
